AoeStats
← Tiktak

African Clearing

504681962Analyzed
4v4 RM · 27d ago on Sep 6, 2026· 82m 47s· 8 players
Game mode
Random Map
Map size
Large (8 player)
Population
200
Speed
Normal
Resources
Standard
Victory
Conquest
Starting age
Dark Age
Ending age
Imperial Age
RankedLock teamsTeams togetherTeam positionsShared explorationLock speedFull tech treeHidden civsTurbo modeCheats
Victory
Defeat
🇮🇱 Hindustanis · Israel
658
+14
🇵🇱 Khmer · Poland
596
+16
🇺🇸 Japanese · United States
578
+17
🇺🇸 Bulgarians · United States
535
+19
🇹🇷 Maya · Türkiye
676
-20
🇳🇱 Huns · Netherlands
675
-19
🇳🇿 Goths · New Zealand
580
-16
🇬🇧 Burmese · United Kingdom
473
-11
Cpt. Awesome
3:15 Loom
14:03 Feudal Age
16:00 Wheelbarrow
15:11 Town Watch
15:40 Double-Bit Axe
16:49 Stone Mining
16:52 Gold Mining
18:23 Fishing Lines
20:17 Man-at-Arms
20:43 Arson
21:31 Fletching
21:43 Scale Mail Armor
23:41 Forging
25:03 Bloodlines
26:56 Scale Barding Armor
28:46 Padded Archer Armor
28:33 Horse Collar
35:33 Castle Age
36:42 Bow Saw
37:12 Gold Shaft Mining
36:30 Gillnets
37:00 Light Cavalry
37:41 Husbandry
37:47 Squires
37:08 Pikeman
37:10 Elite Skirmisher
38:55 Thumb Ring
39:05 Heavy Plow
39:11 Caravan
38:43 Long Swordsman
39:56 Crossbowman
40:41 Treadmill Crane
40:59 Murder Holes
41:16 Clinker Construction
40:59 Guard Tower
41:19 Masonry
41:34 Ballistics
41:14 Guard Tower
41:19 Murder Holes
41:35 Clinker Construction
41:35 Masonry
42:45 Fervor
43:00 Yasama
48:41 Hand Cart
50:02 Coinage
49:57 Town Patrol
50:39 Chain Barding Armor
53:57 Sanctity
56:27 Imperial Age
55:25 Chain Mail Armor
55:47 Iron Casting
55:14 Bodkin Arrow
55:08 Gambesons
58:31 Blast Furnace
58:11 Plate Mail Armor
57:57 Leather Archer Armor
58:55 Hoardings
58:41 Conscription
59:18 Parthian Tactics
59:47 Carvel Hull
60:28 Chemistry
60:34 Banking
60:11 Elite Samurai
61:32 Capped Ram
62:34 Kataparuto
64:18 Ring Archer Armor
63:49 Bracer
63:28 Onager
64:23 Halberdier
65:39 Heavy Cavalry Archer
66:37 Cavalier
67:05 Two-Handed Swordsman
68:38 Arbalester
71:52 Champion
74:23 Redemption
74:34 Sanctity
74:31 Block Printing
76:41 Illumination
76:51 Theocracy
80:11 Heavy Scorpion
mankey
17:26 Feudal Age
21:43 Double-Bit Axe
poopinator
13:46 Feudal Age
16:29 Man-at-Arms
18:25 Wheelbarrow
18:59 Double-Bit Axe
23:14 Forging
23:33 Scale Mail Armor
24:16 Horse Collar
28:59 Castle Age
29:12 Long Swordsman
29:53 Squires
29:41 Arson
30:36 Iron Casting
33:10 Hand Cart
34:51 Heavy Plow
35:31 Gold Mining
35:33 Stone Mining
35:32 Loom
39:14 Stone Shaft Mining
40:37 Gold Shaft Mining
46:42 Imperial Age
44:18 Grand Trunk Road
46:45 Two-Handed Swordsman
47:54 Conscription
49:06 Blast Furnace
48:22 Chain Mail Armor
48:51 Champion
52:17 Elite Ghulam
59:47 Scale Barding Armor
59:06 Heavy Camel Rider
59:47 Husbandry
59:58 Bloodlines
67:47 Imperial Camel Rider
70:31 Chain Barding Armor
81:35 Plate Barding Armor
splashii
15:34 Feudal Age
16:54 Loom
21:28 Castle Age
direoa01
13:49 Feudal Age
21:59 Wheelbarrow
24:51 Horse Collar
28:58 Castle Age
28:42 Forging
28:33 Scale Mail Armor
28:39 Scale Barding Armor
28:27 Fletching
29:24 Bloodlines
29:58 Heavy Plow
29:56 Stone Mining
29:57 Gold Mining
34:44 Hand Cart
34:39 Husbandry
35:35 Caravan
43:05 Imperial Age
41:27 Manipur Cavalry
40:54 Elite Skirmisher
41:23 Gambesons
42:57 Iron Casting
42:37 Chain Mail Armor
42:25 Padded Archer Armor
43:45 Cavalier
44:48 Bodkin Arrow
45:15 Chain Barding Armor
45:26 Plate Mail Armor
46:15 Arson
46:31 Squires
45:52 Pikeman
46:50 Bracer
47:51 Blast Furnace
48:36 Halberdier
50:48 Chemistry
49:32 Treadmill Crane
50:29 Loom
51:37 Ballistics
51:07 Heated Shot
51:28 Masonry
52:07 Parthian Tactics
52:56 Conscription
52:38 Howdah
54:13 Plate Barding Armor
53:38 Murder Holes
55:47 Siege Engineers
56:13 Architecture
56:20 Elite Battle Elephant
57:53 Heavy Cavalry Archer
JesseThebeast67
12:21 Feudal Age
13:49 Wheelbarrow
13:16 Double-Bit Axe
13:18 Horse Collar
22:06 Bloodlines
28:00 Stone Mining
28:01 Gold Mining
31:55 Castle Age
43:59 Husbandry
45:43 Heavy Plow
45:34 Light Cavalry
51:41 Hand Cart
60:49 Loom
61:49 Gold Shaft Mining
67:50 Caravan
LittleDwarf
5:38 Loom
18:58 Feudal Age
19:39 Double-Bit Axe
21:11 Wheelbarrow
20:28 Man-at-Arms
24:00 Horse Collar
27:07 Forging
26:58 Scale Mail Armor
30:40 Stone Mining
30:41 Gold Mining
33:06 Castle Age
34:04 Squires
34:49 Iron Casting
34:30 Chain Mail Armor
33:40 Long Swordsman
36:00 Bow Saw
36:37 Stone Shaft Mining
37:32 Caravan
37:43 Pikeman
38:45 Hand Cart
39:07 Town Watch
40:40 Heavy Plow
42:25 Fletching
46:38 Bodkin Arrow
48:21 Padded Archer Armor
48:52 Anarchy
49:13 Elite Skirmisher
55:15 Town Patrol
60:21 Imperial Age
61:01 Heavy Cavalry Archer
62:16 Ballistics
62:25 Two-Handed Swordsman
63:08 Perfusion
64:56 Murder Holes
66:01 Chemistry
69:26 Conscription
70:34 Herbal Medicine
71:03 Masonry
71:57 Halberdier
Tiktak
5:21 Loom
14:41 Feudal Age
21:38 Horse Collar
22:04 Double-Bit Axe
23:01 Stone Mining
23:02 Gold Mining
23:05 Stone Mining
26:37 Wheelbarrow
26:33 Forging
32:07 Castle Age
35:35 Stone Shaft Mining
35:44 Bow Saw
35:57 Hand Cart
39:02 Padded Archer Armor
39:16 Forging
39:11 Heavy Plow
41:31 Pikeman
50:25 Fletching
55:35 Imperial Age
53:42 Squires
55:46 Onager
56:22 Town Watch
58:05 Bodkin Arrow
59:00 Elite Plumed Archer
61:47 Two-Man Saw
61:10 Crossbowman
62:00 Thumb Ring
62:59 Bracer
63:45 Crop Rotation
Connection lost

Rejoining the realm…

Still unreachable

The connection could not be restored.

Session expired

The server has moved on; the page needs a fresh start.